Workbook

Sheet 科目參考表
A1: 代號 | B1: 科目 | C1: 代號 | E1: 科目
A2: 三級 | B2: 三級 | C2: 一級 | D2: 二級 | E2: 一級 | F2: 二級
A3: 0.01 | B3: A00001 公保費 | E3: 應付代收款
A4: 0.02 | B4: A00002 勞保費 | E4: 應付代收款
A5: 0.03 | B5: A00003 健保費 | E5: 應付代收款
A6: 0.04 | B6: A00004 健保費-勞保 | E6: 應付代收款
A7: 0.05 | B7: A00005 公保退撫基金 | E7: 應付代收款
A8: 0.06 | B8: A00006 勞保勞退準備金 | E8: 應付代收款
A9: 0.07 | B9: A00007 公教貸款 | E9: 應付代收款
A10: 0.08 | B10: A00008 校內互助 | E10: 應付代收款
A11: 0.09 | B11: A00009 教育會費 | E11: 應付代收款
A12: 0.1 | B12: A00010 法院強制執行 | E12: 應付代收款
A13: 0.11 | B13: A00011 其他 | E13: 應付代收款
A14: 0.12 | B14: A00012 代扣所得稅 | E14: 應付代收款
... A125: 1.23 | B125: H00016 技藝教育社團 | E125: 應付代收款
A126: 2 | B126: 預付費用-預算外
A127: 2.01 | B127: 押標金
A128: 2.02 | B128: 履約保證金
A129: 2.03 | B129: 差額保證金
A130: 2.04 | B130: 保固金
A132: 113 | B132: 職員薪金 | C132: 1 | D132: 11 | E132: 用人費用 | F132: 正式員額薪資 | G132: 教、職、專輔教師、心理師薪資實入數及代扣數，市府行政助理教師減課，技藝學程教師鐘點費，超鐘點。
A133: 114 | B133: 工員工資 | C133: 1 | D133: 11 | E133: 用人費用 | F133: 正式員額薪資 | G133: 工友薪資實入數及代扣數。
B134: 121聘用人員新金 | C134: 1 | D134: 12 | E134: 用人費用 | F134: 聘僱及兼職人員薪資
B135: 122約僱職員薪金 | C135: 1 | D135: 12 | E135: 用人費用 | F135: 聘僱及兼職人員薪資
A136: 124 | B136: 兼職人員酬金 | C136: 1 | D136: 12 | E136: 用人費用 | F136: 聘僱及兼職人員薪資 | G136: 差假代‎課鐘點費‎。
A137: 131 | B137: 加班費 | C137: 1 | D137: 13 | E137: 用人費用 | F137: 超時工作報酬 | G137: 不休假加班費。
A138: 151 | B138: 考績獎金 | C138: 1 | D138: 15 | E138: 用人費用 | F138: 獎金 | G138: 按考績法核發獎金及代扣稅額。
A139: 152 | B139: 年終獎金 | C139: 1 | D139: 15 | E139: 用人費用 | F139: 獎金 | G139: 依規於年節加發之工作獎金及代扣稅額。
A140: 15Y | B140: 其他獎金 | C140: 1 | D140: 15 | E140: 用人費用 | F140: 獎金 | G140: 不屬於以上之其他獎金。
A141: 161 | B141: 職員退休及離職金 | C141: 1 | D141: 16 | E141: 用人費用 | F141: 退休及卹償金 | G141: 教、職員退撫機關補助。
A142: 162 | B142: 工員退休及離職金 | C142: 1 | D142: 16 | E142: 用人費用 | F142: 退休及卹償金 | G142: 工友舊制及長短代教師新制勞退機關補助。
A143: 181 | B143: 分擔員工保險費 | C143: 1 | D143: 18 | E143: 用人費用 | F143: 福利費 | G143: 教、職員、工友、長代、兼職、專輔人員、心理師公保、勞保、健保、二代健保機關補助。
A144: 183 | B144: 傷病醫藥費 | C144: 1 | D144: 18 | E144: 用人費用 | F144: 福利費 | G144: 健康檢查費。
A145: 18Y | B145: 其他福利費 | C145: 1 | D145: 18 | E145: 用人費用 | F145: 福利費 | G145: 退休工友三節慰問金、休假補助費。
A146: 212 | B146: 工作場所電費 | C146: 2 | D146: 21 | E146: 服務費用 | F146: 水電費 | G146: 電費。
A147: 214 | B147: 工作場所水費 | C147: 2 | D147: 21 | E147: 服務費用 | F147: 水電費 | G147: 水費。
A148: 21Y | B148: 其他場所水電費 | C148: 2 | D148: 21 | E148: 服務費用 | F148: 水電費 | G148: 合作社、穿堂、教室對外開放場地電費分攤。
A149: 221 | B149: 郵費 | C149: 2 | D149: 22 | E149: 服務費用 | F149: 郵電費 | G149: 郵資、郵票。
A150: 222 | B150: 電話費 | C150: 2 | D150: 22 | E150: 服務費用 | F150: 郵電費 | G150: ASP.FTTB及全校電話費。
B151: 224數據通信費 | C151: 2 | D151: 22 | E151: 服務費用 | F151: 郵電費
A152: 231 | B152: 國內旅費 | C152: 2 | D152: 23 | E152: 服務費用 | F152: 旅運費 | G152: 各處室差旅費及八、九年級戶外教育活動帶隊老師費用。
B153: 236貨物運費 | C153: 2 | D153: 23 | E153: 服務費用 | F153: 旅運費 | G153: 科美展作品、器材、書籍搬運及各項活動、比賽用車資等相關經費。、、
A154: 241 | B154: 印刷及裝訂費 | C154: 2 | D154: 24 | E154: 服務費用 | F154: 印刷裝訂與廣告費 | G154: 公文封、小信封、科展作品說明手冊、海報製作、畢(修)業證書、新生智力測驗更新版答案紙、平興國中簡介、桃園青年月刊、學籍紀錄卡、輔導資料表(AB表)、新生手冊、學生證、親職教育日親職教育家長手冊印刷、差勤管理用簽到紙、教室日誌、興韻刊物、八年級新編多元性向測驗電腦卡。
B155: 246業務宣導費 | C155: 2 | D155: 24 | E155: 服務費用 | F155: 印刷裝訂與廣告費
A156: 252 | B156: 一般房屋修護費 | C156: 2 | D156: 25 | E156: 服務費用 | F156: 修理保養及保固費 | G156: 地下室車道口、女廁鐵門、警衛室外牆底座及瓷磚、資源班教室內牆面門板、音樂教室前磚、警衛室及校門口施作排水口、C棟後方資源回收場鐵管、女廁天花板漏水、廁所用門栓、會議室內外油漆、司令台兩側階梯看台美化。
B157: 254其他建築修護費 | C157: 2 | D157: 25 | E157: 服務費用 | F157: 修理保養及保固費
A158: 255 | B158: 機械及設備修護費 | C158: 2 | D158: 25 | E158: 服務費用 | F158: 修理保養及保固費 | G158: 電梯保養、電腦教室-phantosys主機維修、插座用蓋板、跑馬燈模組修繕、移動式及單槍投影機互換、訊號線更換、瓦斯壓力調節器、斷路器損壞更新、數位照相機送修、門口柵欄機開關控制器損壞維修、顯微鏡保養維修、解碼喇叭位置調整、維修購置風雨教室音控室設備、生科教室線鋸機及鑽床維修、地下室機房轉盤式定時器維修、麥克風音訊不良設備維修。
A159: 257 | B159: 雜項設備修護費 | C159: 2 | D159: 25 | E159: 服務費用 | F159: 修理保養及保固費
B160: 258其他資產修護費 | C160: 2 | D160: 25 | E160: 服務費用 | F160: 修理保養及保固費 | G160: 游泳池機械設備運轉、水質清潔維護費及其他資產修護。
A161: 26Y | B161: 其他保險費 | C161: 2 | D161: 26 | E161: 服務費用 | F161: 保險費 | G161: 學生比賽及活動辦理意外險及醫療險。
A162: 279 | B162: 外包費 | C162: 2 | D162: 27 | E162: 服務費用 | F162: 一般服務費 | G162: 校警。
A163: 27D | B163: 計時與計件人員酬金 | C163: 2 | D163: 27 | E163: 服務費用 | F163: 一般服務費 | G163: 臨時人員薪資(含機補勞、健保及勞退)。
A164: 27F | B164: 體育活動費 | C164: 2 | D164: 27 | E164: 服務費用 | F164: 一般服務費 | G164: 文康活動費。
A165: 285 | B165: 講課鐘點、稿費、出席審查及查詢費 | C165: 2 | D165: 28 | E165: 服務費用 | F165: 專業服務費 | G165: 外聘委員出席費及交通費和外聘講師鐘點費。
A166: 287 | B166: 委託檢驗(定)試驗認證費 | C166: 2 | D166: 28 | E166: 服務費用 | F166: 專業服務費 | G166: 電氣技術顧問委任費、學校飲用水檢測、消防安全檢測及申報。
A167: 288 | B167: 委託考選訓練費 | C167: 2 | D167: 28 | E167: 服務費用 | F167: 專業服務費 | G167: 防火管理人員及採購專業相關人員訓練費用。
B168: 289試務甄選費 | C168: 2 | D168: 28 | E168: 服務費用 | F168: 專業服務費
A169: 28A | B169: 電腦軟體服務費 | C169: 2 | D169: 28 | E169: 服務費用 | F169: 專業服務費 | G169: 薪資管理系統維護、校務系統維護、防毒軟體ESS-Stander國中小全校授權、電腦教室(二)繳交發放.學生端電腦控制用軟體。
B170: 28Y其他 | C170: 2 | D170: 28 | E170: 服務費用 | F170: 專業服務費
A171: 291 | B171: 公共關係費 | C171: 2 | D171: 29 | E171: 服務費用 | F171: 公共關係費
B173: 313油脂 | C173: 3 | D173: 31 | E173: 材料及用品費 | F173: 使用材料費
B174: 315設備零件 | C174: 3 | D174: 31 | E174: 材料及用品費 | F174: 使用材料費
A175: 321 | B175: 辦公（事務）用品 | C175: 3 | D175: 32 | E175: 材料及用品費 | F175: 用品消耗 | G175: 自來水標誌牌、校門口告示牌宣導校園運動場開放須知、墨水匣、職名章、司令台、風雨教室音控設備、窗簾送洗、地下室車道油漆粉刷滾筒、地下室鐵捲門馬達損壞更新、行政用橡皮筋、印刷室用印製考試卷影印紙、行政用網路交換器、人事室聘書用紙、健康中心製冰機抽水馬達故障更換、裝訂機用耗材、教職員請假卡、土地登記謄本、行政用文具資料夾、馬達損壞更新、熱水器.配插座及鑿洞排水供替代役使用、脫水機供替代役使用、捲門遙控器、水位控制器損壞更新、感光鼓、基地台軟體、更換CCFL平板燈節能燈具、行政及教師用文具、警鈴、印章卡用墨水管、名片、更換馬達開關及定時器、印刷室用印製考試卷影印紙、監視器損壞更新、按鈴式叫人鈴、烹飪教室滅火器、桌巾、教室.辦公室用喇叭鎖變電箱.廁所管道間用鎖頭、行政用電扇、原子章、警衛室.辦公室用除膠劑、雷射事務機、行政公務及教室教學用膠帶、辦公用品壓克力板、辦公用手提光碟拉鍊盒、班級牌、麥克風用電池。
A176: 322 | B176: 報章什誌 | C176: 3 | D176: 32 | E176: 材料及用品費 | F176: 用品消耗 | G176: 圖書室報紙、親子天下雜誌、師友月刊、好讀周報、教育研究月刊、天下雜誌。
A177: 323 | B177: 農業與園藝用品及環境美化費 | C177: 3 | D177: 32 | E177: 材料及用品費 | F177: 用品消耗 | G177: 校園清潔用品、掃除用具補充、車道油漆滾筒、油漆、水泥漆、割草機用牛筋盤、割草機用汽油、綠美化用植物亮油.長春藤.水芙蓉、美化環境魚飼料、美化培養土、油漆粉刷用紙膠、開運竹、廚房清潔劑、消毒電話用消毒空瓶、消毒電話用潔菌液、垃圾袋、公務用智慧型口罩。
A178: 324 | B178: 化學藥劑與實驗用品 | C178: 3 | D178: 32 | E178: 材料及用品費 | F178: 用品消耗 | G178: 教學用化學藥劑、實驗用品。
A179: 328 | B179: 醫療用品(非醫療院所使用) | C179: 3 | D179: 32 | E179: 材料及用品費 | F179: 用品消耗 | G179: 健康中心藥品補充、耳溫計電池。
A180: 32Y | B180: 其他用品消耗 | C180: 3 | D180: 32 | E180: 材料及用品費 | F180: 用品消耗 | G180: 各科教學器具與用品、實驗器材及視聽媒體教材、無線可調整對講機等。 放置處室資料物品用櫃子及業務需要相機設備等相關經費。 管樂、體育、童軍及交通導護各項教學器材經費。 下授-資源班特教教材編輯費 下授-特殊教育班充實設備費。
B182: 451什項設備租金 | C182: 4 | D182: 45 | E182: 租金、償債與利息 | F182: 什項設備租金
B184: 513擴充改良房屋建築及設備 | C184: 5 | D184: 5M2 | E184: 購置固定資產 | F184: 5M2 營建及修建工程
A185: 514 | B185: 購置機械及設備 | C185: 5 | D185: 5M4 | E185: 購置固定資產 | F185: 其他設備
A186: 515 | B186: 購置交通及運輸設備 | C186: 5 | D186: 5M3 | E186: 購置固定資產 | F186: 交通及運輸設備
A187: 516 | B187: 購置什項設備 | C187: 5 | D187: 5M4 | E187: 購置固定資產 | F187: 其他設備
B188: 521購置電腦軟體 | C188: 5 | D188: 5M5 | E188: 購置無形資產 | F188: 無形資產
A190: 713 | B190: 職業團體會費 | C190: 7 | D190: 71 | E190: 會費、捐助、補助、分攤、照護、救濟與交流活動費 | F190: 會費 | G190: 護士、營養師公會等會費(不含教育費、校長協會等會費)
A191: 726 | B191: 獎助學員生給與 | C191: 7 | D191: 72 | E191: 會費、捐助、補助、分攤、照護、救濟與交流活動費 | F191: 捐助、補助與獎助 | G191: 學生工讀金
B192: 72Y其他 | C192: 7 | D192: 72 | E192: 會費、捐助、補助、分攤、照護、救濟與交流活動費 | F192: 捐助、補助與獎助 | G192: 天天安心食材、無力支付午餐費補助款下授。
A193: 73Y | B193: 分擔其他費用 | C193: 7 | D193: 73 | E193: 會費、捐助、補助、分攤、照護、救濟與交流活動費 | F193: 分擔 | G193: 校園公共意外責任險學校自付額。
A194: 751 | B194: 技能競賽 | C194: 7 | D194: 75 | E194: 會費、捐助、補助、分攤、照護、救濟與交流活動費 | F194: 競賽及交流活動費 | G194: 參加校外各項體育、童軍、音樂、學藝等各項活動競賽等相關經費。
A196: 91Y | B196: 其他 | C196: 9 | D196: 91 | E196: 其他 | F196: 其他支出 | G196: 辦理社會教育、親職教育、新生訓練、畢典、7年級戶外教育活動隨行費、各年級競賽、學生活動與各領域活動費及事務性與經常性支出，資賦優異與藝術才能班級畢業成果發表會經費，校慶補助。

Sheet 請購單
A1: 桃園市立平興國民中學請購單
A3: 品名 | B3: 用途說明 | C3: 數量 | D3: 單價 | E3: 總價
E4: =IF(C4*D4=0,"",ROUND(C4*D4,0))
E5: =IF(C5*D5=0,"",ROUND(C5*D5,0))
E6: =IF(C6*D6=0,"",ROUND(C6*D6,0))
E7: =IF(C7*D7=0,"",ROUND(C7*D7,0))
E8: =IF(C8*D8=0,"",ROUND(C8*D8,0))
E9: =IF(C9*D9=0,"",ROUND(C9*D9,0))
E10: =IF(C10*D10=0,"",ROUND(C10*D10,0))
E11: =IF(C11*D11=0,"",ROUND(C11*D11,0))
E12: =IF(C12*D12=0,"",ROUND(C12*D12,0))
E13: =IF(C13*D13=0,"",ROUND(C13*D13,0))
E14: =IF(C14*D14=0,"",ROUND(C14*D14,0))
E15: =IF(C15*D15=0,"",ROUND(C15*D15,0))
... E24: =IF(C24*D24=0,"",ROUND(C24*D24,0))
A25: 合計 | E25: =IF(SUM(E4:E24)=0,"",SUM(E4:E24))

Sheet 動支單
A1: =U2&V2 -> 桃園市立平興國民中學 | R1: 年 | S1: 月 | T1: 日 | U1: 學校名稱
A2: 動 支 經 費 請 示 單 | R2: 108 | S2: 1 | T2: 18 | U2: 桃園市立 | V2: 平興國民中學
A3: 單位別： | C3: 會計室 | F3: ="中華民國"&R2&"年"&S2&"月"&T2&"日" -> 中華民國108年1月18日 | K3: 簽證編號: | R3: 承辦廠商
A4: 預算年度 | B4: =R2&"年度" -> 108年度 | C4: 科目 | D4: =IFERROR(IF(OR(D7=0.01,D7=0.02,D7=0.03,D7=0.04,D7=0.05,D7=0.06,D7=0.07,D7=0.08,D7=0.09,D7=0.1,D7=0.11,D7=0.12,D7=0.13,D7=0.14,D7=0.15,D7=0.16,D7=0.17,D7=0.18,D7=0.19,D7=0.2,D7=0.21,D7=0.22,D7=0.23,D7=0.24,D7=0.25,D7=0.26,D7=0.27,D7=0.28,D7=0.29,D7=0.3,D7=0.31,D7=0.32,D7=0.33,D7=0.34,D7=0.35,D7=0.36,D7=0.37,D7=0.38,D7=0.39,D7=0.4,D7=0.41,D7=0.42,D7=0.43,D7=0.44,D7=0.45,D7=0.46,D7=0.47,D7=0.48,D7=0.49,D7=0.5,D7=0.51,D7=0.52,D7=0.53,D7=0.54,D7=0.55,D7=0.56,D7=0.57,D7=0.58,D7=0.59,D7=0.6,D7=0.61,D7=0.62,D7=0.63,D7=0.64,D7=0.65,D7=0.66,D7=0.67,D7=0.68,D7=0.69,D7=0.7,D7=0.71,D7=0.72,D7=0.73,D7=0.74,D7=0.75,D7=0.76,D7=0.77,D7=0.78,D7=0.79,D7=0.8,D7=0.81,D7=0.82,D7=0.83,D7=0.84,D7=0.85,D7=0.86,D7=0.87,D7=0.88,D7=0.89,D7=0.9,D7=0.91,D7=0.92,D7=0.93,D7=0.94,D7=0.95,D7=0.96,D7=0.97,D7=0.98,D7=0.99,D7=1,D7=1.01,D7=1.02,D7=1.03,D7=1.04,D7=1.05,D7=1.06,D7=1.07,D7=1.08,D7=1.09,D7=1.1,D7=1.11,D7=1.12,D7=1.13,D7=1.14,D7=1.15,D7=1.16,D7=1.17,D7=1.18,D7=1.19,D7=1.2,D7=1.21,D7=1.22,D7=1.23,D7=1.24,D7=1.3,D7=1.31,D7=1.32,D7=1.33,D7=1.34,D7=1.35,D7=1.36,D7=1.37,D7=1.38,D7=1.39,D7=1.4,D7=1.41,D7=1.42,D7=1.43,D7=1.44,D7=1.45,D7=1.46,D7=1.47,D7=1.48,D7=1.49,D7=1.5),"",VLOOKUP($D$7,科目參考表!$A$3:$F$206,3,FALSE)),"") -> 1 | E4: =IFERROR(IF(OR(D7=2,D7=2.01,D7=2.02,D7=2.03,D7=2.04),"",VLOOKUP($D$7,科目參考表!$A$3:$F$206,5,FALSE)),"") -> 用人費用 | H4: 本次約需動支金額 | L4: 預算數 | R4: 由申甲股份有限公司
D5: =IFERROR(IF(OR(D7=0.01,D7=0.02,D7=0.03,D7=0.04,D7=0.05,D7=0.06,D7=0.07,D7=0.08,D7=0.09,D7=0.1,D7=0.11,D7=0.12,D7=0.13,D7=0.14,D7=0.15,D7=0.16,D7=0.17,D7=0.18,D7=0.19,D7=0.2,D7=0.21,D7=0.22,D7=0.23,D7=0.24,D7=0.25,D7=0.26,D7=0.27,D7=0.28,D7=0.29,D7=0.3,D7=0.31,D7=0.32,D7=0.33,D7=0.34,D7=0.35,D7=0.36,D7=0.37,D7=0.38,D7=0.39,D7=0.4,D7=0.41,D7=0.42,D7=0.43,D7=0.44,D7=0.45,D7=0.46,D7=0.47,D7=0.48,D7=0.49,D7=0.5,D7=0.51,D7=0.52,D7=0.53,D7=0.54,D7=0.55,D7=0.56,D7=0.57,D7=0.58,D7=0.59,D7=0.6,D7=0.61,D7=0.62,D7=0.63,D7=0.64,D7=0.65,D7=0.66,D7=0.67,D7=0.68,D7=0.69,D7=0.7,D7=0.71,D7=0.72,D7=0.73,D7=0.74,D7=0.75,D7=0.76,D7=0.77,D7=0.78,D7=0.79,D7=0.8,D7=0.81,D7=0.82,D7=0.83,D7=0.84,D7=0.85,D7=0.86,D7=0.87,D7=0.88,D7=0.89,D7=0.9,D7=0.91,D7=0.92,D7=0.93,D7=0.94,D7=0.95,D7=0.96,D7=0.97,D7=0.98,D7=0.99,D7=1,D7=1.01,D7=1.02,D7=1.03,D7=1.04,D7=1.05,D7=1.06,D7=1.07,D7=1.08,D7=1.09,D7=1.1,D7=1.11,D7=1.12,D7=1.13,D7=1.14,D7=1.15,D7=1.16,D7=1.17,D7=1.18,D7=1.19,D7=1.2,D7=1.21,D7=1.22,D7=1.23,D7=1.24,D7=1.3,D7=1.31,D7=1.32,D7=1.33,D7=1.34,D7=1.35,D7=1.36,D7=1.37,D7=1.38,D7=1.39,D7=1.4,D7=1.41,D7=1.42,D7=1.43,D7=1.44,D7=1.45,D7=1.46,D7=1.47,D7=1.48,D7=1.49,D7=1.5),"",VLOOKUP($D$7,科目參考表!$A$3:$F$206,4,FALSE)),"") -> 15 | E5: =IFERROR(IF(OR(D7=0.01,D7=0.02,D7=0.03,D7=0.04,D7=0.05,D7=0.06,D7=0.07,D7=0.08,D7=0.09,D7=0.1,D7=0.11,D7=0.12,D7=0.13,D7=0.14,D7=0.15,D7=0.16,D7=0.17,D7=0.18,D7=0.19,D7=0.2,D7=0.21,D7=0.22,D7=0.23,D7=0.24,D7=0.25,D7=0.26,D7=0.27,D7=0.28,D7=0.29,D7=0.3,D7=0.31,D7=0.32,D7=0.33,D7=0.34,D7=0.35,D7=0.36,D7=0.37,D7=0.38,D7=0.39,D7=0.4,D7=0.41,D7=0.42,D7=0.43,D7=0.44,D7=0.45,D7=0.46,D7=0.47,D7=0.48,D7=0.49,D7=0.5,D7=0.51,D7=0.52,D7=0.53,D7=0.54,D7=0.55,D7=0.56,D7=0.57,D7=0.58,D7=0.59,D7=0.6,D7=0.61,D7=0.62,D7=0.63,D7=0.64,D7=0.65,D7=0.66,D7=0.67,D7=0.68,D7=0.69,D7=0.7,D7=0.71,D7=0.72,D7=0.73,D7=0.74,D7=0.75,D7=0.76,D7=0.77,D7=0.78,D7=0.79,D7=0.8,D7=0.81,D7=0.82,D7=0.83,D7=0.84,D7=0.85,D7=0.86,D7=0.87,D7=0.88,D7=0.89,D7=0.9,D7=0.91,D7=0.92,D7=0.93,D7=0.94,D7=0.95,D7=0.96,D7=0.97,D7=0.98,D7=0.99,D7=1,D7=1.01,D7=1.02,D7=1.03,D7=1.04,D7=1.05,D7=1.06,D7=1.07,D7=1.08,D7=1.09,D7=1.1,D7=1.11,D7=1.12,D7=1.13,D7=1.14,D7=1.15,D7=1.16,D7=1.17,D7=1.18,D7=1.19,D7=1.2,D7=1.21,D7=1.22,D7=1.23,D7=1.24,D7=1.3,D7=1.31,D7=1.32,D7=1.33,D7=1.34,D7=1.35,D7=1.36,D7=1.37,D7=1.38,D7=1.39,D7=1.4,D7=1.41,D7=1.42,D7=1.43,D7=1.44,D7=1.45,D7=1.46,D7=1.47,D7=1.48,D7=1.49,D7=1.5),"",VLOOKUP($D$7,科目參考表!$A$3:$F$206,6,FALSE)),"") -> 獎金
L6: 已支數 | R6: 只要修改紅字部分,其餘是公式 ，僅需列印第1頁
C7: 節號及名稱 | D7: 15Y | E7: =IFERROR(VLOOKUP($D$7,科目參考表!$A$3:$F$206,2,FALSE),"") -> 其他獎金 | H7: =H27 -> 38 | L7: 餘 額
A9: 用途 | C9: 會計室用原子章會計室用原子章會計室用原子章會計室用原子章
A11: 付款 方式 | C11: ■ | D11: 債權人 | F11: □出納轉發 | H11: 附 件 | I11: 報價單 | M11: 1 | N11: 張
C12: □ | D12: 零用金支付 | F12: □其他 | I12: 預付費用請示單 張 共 張
C13: □ | D13: 預付轉正 | F13: □存入帳戶 | I13: 其他有關文件 | M13: 1 | N13: 張
A14: 內容 | C14: 名 稱 | F14: 單價 | G14: 數量 | H14: 金 額 | J14: 總務處簽擬
C15: 原子章 | F15: 3.79 | G15: 10 | H15: =IF((F15*G15=0),"",(F15*G15)) -> 37.9 | J15: 經 招 商 比 價 結 果 計
H16: =IF((F16*G16=0),"",(F16*G16)) | J16: ="新台幣"&H27&"元整" -> 新台幣38元整
H17: =IF((F17*G17=0),"",(F17*G17)) | J17: ="擬 交 "&R4&" 承 辦" -> 擬 交 由申甲股份有限公司 承 辦
H18: =IF((F18*G18=0),"",(F18*G18))
H19: =IF((F19*G19=0),"",(F19*G19)) | J19: 承辦員
H20: =IF((F20*G20=0),"",(F20*G20))
H21: =IF((F21*G21=0),"",(F21*G21))
H22: =IF((F22*G22=0),"",(F22*G22)) | J22: 組長
H23: =IF((F23*G23=0),"",(F23*G23))
H24: =IF((F24*G24=0),"",(F24*G24))
H25: =IF((F25*G25=0),"",(F25*G25)) | J25: 單位主管
H26: =IF((F26*G26=0),"",(F26*G26))
C27: 總 計 | H27: =ROUND(SUM(H15:H26),0) -> 38
A28: 申請單位 | F28: 會計室 | J28: 機關長官或其授權代簽人
A29: 申請人 | F29: 經辦人
A31: 組 長
F32: 會計主任
A33: 單位主管

Sheet 黏貼憑證用紙
A1: =動支單!A1&"黏貼憑證用紙" -> 桃園市立平興國民中學黏貼憑證用紙 | N1: □ | O1: 受款人 | Q1: =ROUNDDOWN(動支單!$H$27/10000000,0) -> 0 | R1: =ROUNDDOWN((動支單!$H$27/1000000-$Q$3*10),0) -> 0 | S1: =ROUNDDOWN((動支單!$H$27/100000-$Q$3*100-$R$3*10),0) -> 0 | T1: =ROUNDDOWN((動支單!$H$27/10000-$Q$3*1000-$R$3*100-$S$3*10),0) -> 0 | U1: =ROUNDDOWN((動支單!$H$27/1000-$Q$3*10000-$R$3*1000-$S$3*100-$T$3*10),0) -> 0 | V1: =ROUNDDOWN(動支單!$H$27/100-$Q$3*100000-$R$3*10000-$S$3*1000-$T$3*100-$U$3*10,0) -> 0 | W1: =ROUNDDOWN(動支單!$H$27/10-$Q$3*1000000-$R$3*100000-$S$3*10000-$T$3*1000-$U$3*100-$V$3*10,0) -> 3 | X1: =ROUNDDOWN(動支單!$H$27/1-Q3*10000000-R3*1000000-S3*100000-T3*10000-U3*1000-V3*100-W3*10,0) -> 8
O2: ■ | P2: 發票(或收據)開立廠商 | Q2: =IF(Q1=0,"",ROUND(Q1,0)) | R2: =IF(R1=0,"",ROUND(R1,0)) | S2: =IF(S1=0,"",ROUND(S1,0)) | T2: =IF(T1=0,"",ROUND(T1,0)) | U2: =IF(U1=0,"",ROUND(U1,0)) | V2: =IF(V1=0,"",ROUND(V1,0)) | W2: =IF(W1=0,"",ROUND(W1,0)) -> 3 | X2: =ROUND(X1,0) -> 8
O3: □ | P3: 歸墊___________________ | Q3: =TEXT(Q1,0) -> 0 | R3: =TEXT(R1,0) -> 0 | S3: =TEXT(S1,0) -> 0 | T3: =TEXT(T1,0) -> 0 | U3: =TEXT(U1,0) -> 0 | V3: =TEXT(V1,0) -> 0 | W3: =TEXT(W1,0) -> 3 | X3: =TEXT(X1,0) -> 8
A4: 傳 票 | F4: 金 額 | O4: □ | P4: 詳如受款人清單 | AA4: 只要修改紅字部分,其餘是公式 ，僅需列印第1頁
C5: 編號 | F5: 千萬 | G5: 百萬 | H5: 十萬 | I5: 萬 | J5: 千 | K5: 百 | L5: 十 | M5: 元 | N5: □ | O5: 扣抵罰賠款______________元
A6: 付款憑單 | N6: □ | O6: 轉保固金________________元
A7: 憑證編號 | D7: 預算年度 | E7: =動支單!B4 -> 108年度 | F7: =IF(Q2="","",ROUND(Q2,0)) | G7: =IF((Q2="")*(R2=""),"",IF((F7>0),ROUND(R3,0))) | H7: =IF((Q2="")*(R2="")*(S2=""),"",IF((F7>0)+(G7>0),ROUND(S3,0))) | I7: =IF((Q2="")*(R2="")*(S2="")*(T2=""),"",IF((F7>0)+(G7>0)+(H7>0),ROUND(T3,0))) | J7: =IF((Q2="")*(R2="")*(S2="")*(T2="")*(U2=""),"",IF((F7>0)+(G7>0)+(H7>0)+(I7>0),ROUND(U3,0))) | K7: =IF((Q2="")*(R2="")*(S2="")*(T2="")*(U2="")*(V2=""),"",IF((F7>0)+(G7>0)+(H7>0)+(I7>0)+(J7>0),ROUND(V3,0))) | L7: =IF((Q2="")*(R2="")*(S2="")*(T2="")*(U2="")*(V2="")*(W2=""),"",IF((F7>0)+(G7>0)+(H7>0)+(I7>0)+(J7>0)+(K7>0),ROUND(W3,0))) -> 3 | M7: =IF((Q2="")*(R2="")*(S2="")*(T2="")*(U2="")*(V2="")*(W2="")*(X2=""),"",IF((F7>0)+(G7>0)+(H7>0)+(I7>0)+(J7>0)+(K7>0)+(L7>0),ROUND(X3,0))) -> 8 | N7: □ | O7: 其他(請列舉並標示金額) | Z7: 桃園市立光明國民中學粘貼憑證用紙
A8: 預算科目 | C8: =IF(動支單!D4="","",動支單!D4) -> 1 | D8: =動支單!E4 -> 用人費用 | F8: 用途說明 | I8: =動支單!C9 -> 會計室用原子章會計室用原子章會計室用原子章會計室用原子章
C9: =IF(動支單!D5="","",動支單!D5) -> 15 | D9: =動支單!E5 -> 獎金
C10: =IF(動支單!D7="","",動支單!D7) -> 15Y | D10: =動支單!E7 -> 其他獎金
A13: 經辦人 (事務組長或幹事) | D13: 保管 | F13: 所得、補充保費登記 | K13: 會計室經辦人
A15: 單位主管 (總務主任) | D15: 驗收或證明 | F15: 財產(物)登記 | K15: 會計室主任 | P15: 機關長官或授權代簽人
F17: ( 憑 證 黏 貼 線 )
A18: 說明：
A19: 一、 | B19: 對不同工作計畫或用途別之原始憑證請勿混合黏貼。 | K19: 附件：
A20: 二、 | B20: 本用紙除「傳票(付款憑單)編號」及「憑證編號」兩欄由會計單位填列外，其餘各欄由經辦核銷工作之事務人員填列。 | K20: □ | L20: 發票 張
A21: 三、 | B21: 本用紙憑證黏貼線上端有關人員核章欄，得視各機關實際工作之分工程序自行增列。 | K21: □ | L21: 收據 張 (並至財政部稅務入口網之營業登記資料公示查詢)
A22: 四、 | B22: 簽署欄位依職稱大小，「由上而下，由左而右」，各單位主管應於騎縫處核章。 | K22: □ | L22: 領據 張
A23: 五、 | B23: 凡提供參考之附件，如不能同時黏貼，則記明某號憑證之附件，按號另裝成冊一併附送，並於憑證簿封面註明上開另裝附件若干件。 | K23: □ | L23: 動支經費請示單或核准辦理文件 張
K24: □ | L24: 驗收報告 張
A25: 六、 | B25: 本用紙由有關人員順序核章後，送會計單位辦理經費核銷手續，月底由會計單位彙總裝訂成冊，依規定程序辦理。 | K25: □ | L25: 合約書 份
A26: 七、 | B26: 以零用金支付時，由出納管理人員於原始憑證上加蓋付訖及日期章戳。 | K26: □ | L26: 其他文件 (須註明文件名稱、份數)
A27: 八、 | B27: 開立傳票或付款憑單時，由會計單位於本用紙上加蓋「已開傳票或憑單」章戳。

Sheet 工作表1
A1: 日期 | B1: 代碼 | C1: 科目
A5: 本案請權責單位依財產、物品管理規則覈實辦理登記
A7: 。
A8: 、
